 Dungeon Crawl Stone Soup version 0.29-a0-338-g1ff7896281 (webtiles) character file.

Game seed: 5520840396063950577

101 spaghetti the Covert (level 4, -5/33 HPs)
             Began as an Octopode Delver on Apr 18, 2022.
             Slain by an ice beast (11 damage)
             ... on level 5 of the Dungeon.
             The game lasted 00:00:25 (149 turns).

spaghetti the Covert (Octopode Delver)               Turns: 149, Time: 00:00:25

Health: -5/33      AC:  1    Str: 11    XL:     4   Next: 75%
Magic:  4/4        EV: 14    Int: 12    God:
Gold:   0          SH:  0    Dex: 15    Spells: 3/3 levels left

rFire   + . .      SeeInvis .   a - +0 short sword {short}
rCold   . . .      Faith    .   (no shield)
rNeg    . . .      Spirit   .   (helmet restricted)
rPois   .          Reflect  .   (no amulet)
rElec   .          Harm     .   g - ring of protection from fire
rCorr   .          Rampage  .   (no ring)
Will    .....                   (no ring)
Stlth   +++++.....              (no ring)
HPRegen 0.11/turn               (no ring)
MPRegen 0.09/turn               (no ring)
                                (no ring)
                                (no ring)

@: no status effects
A: almost no armour, amphibious, 8 rings, camouflage 1, gelatinous body 1,
(nimble swimmer 1), tentacles
a: no special abilities


You were on level 5 of the Dungeon.
You visited 1 branch of the dungeon, and saw 1 of its levels.


Innate Abilities, Weirdness & Mutations

You cannot wear most types of armour.
You are amphibious.
You can wear up to eight rings at the same time.
Your skin changes colour to match your surroundings (Stealth+).
Your rubbery body absorbs attacks. (AC +1, EV +1)
((You are camouflaged when in or above water. (Stealth+)))
You have tentacles for arms and can constrict up to eight enemies at once.


   Skills:
 + Level 3.7 Fighting
 - Level 2.0 Short Blades
 + Level 2.9 Dodging
 * Level 8.0 Stealth


You had 3 spell levels left.
You didn't know any spells.
Your spell library contained the following spells:

 Spells                   Type           Power      Damage    Failure   Level
 Animate Skeleton         Necr           0%         N/A       32%         1
 Apportation              Tloc           0%         N/A       32%         1
 Summon Small Mammal      Summ           0%         N/A       32%         1

Inventory:

Hand Weapons
 a - a +0 short sword (weapon) {short}
Jewellery
 g - a ring of protection from fire (left tentacle)
   (You found it on level 5 of the Dungeon)
Wands
 f - a wand of digging (3)
Scrolls
 b - a scroll of fog
 c - a scroll of magic mapping {!r}
 d - 2 scrolls of fear
Potions
 e - a potion of haste {@q3}

Dungeon Overview and Level Annotations

Branches:
Dungeon (5/15)
 Temple: D:4-7

Altars:

#. ## #. ..# #.
..# #.# .) #..
#.#### ##.##..
....
...<.>.####.###
#Y@......#
#####....# ##
####.##### #.
#.....#####.
#.###.....#.
#.# #####...
#.# ###. #..
####. ##.
........


You could see an ice beast.


Message History

🤖 Initializing magus.rc ...
Options error: Delay interrupt name "hungry" not recognised. (~/.crawlrc:4761) Options error: Bad monster_list_colour key: strict_neutral (~/.crawlrc:4776) ✅ Successfully initialized magus.rc [v1.9.6] Welcome, spaghetti the Octopode Delver.
They say the Orb of Zot lies within this dungeon, but they say a lot of things.
Press ? for a list of commands and other information.
Found a stone staircase leading down and a stone staircase leading up.
There is a stone staircase leading down here.
Found a stone staircase leading up.
Found an escape hatch in the ceiling.
A water moccasin comes into view.
A water moccasin is nearby!
A water moccasin is nearby!
The helpless water moccasin fails to defend itself.
You impale the water moccasin!! Your grab misses the water moccasin.
The water moccasin bites you. x2 😕 HP[-3]
You take 3 damage, and now have 13/16 hp.
Unknown command.
You barely miss the water moccasin. Your grab misses the water moccasin.
Your squeeze misses the water moccasin. The water moccasin bites you. 😮 HP[-2]
You take 2 damage, and now have 11/16 hp.
You hit the water moccasin. Your grab misses the water moccasin.
Your squeeze misses the water moccasin. The water moccasin misses you.
You hit the water moccasin. You grab the water moccasin.
You squeeze the water moccasin.
You kill the water moccasin!
Your Stealth skill gained 2 levels and is now at level 8!
You have reached level 2!
You have reached level 3!
Your experience leads to an increase in your attributes!
Increase (S)trength, (I)ntelligence, or (D)exterity?
You feel agile. x2
You have reached level 4! 😮 HP[+12] MP[+3]
You now have 33 max hp (+17).
You regained 12 hp, and now have 23/33 hp.
Your mp is fully restored (4).
Unknown command.
Unknown command.
Key pressed, stopping explore.
d - 2 scrolls of fear (gained 1) Key pressed, stopping explore.
g - a ring of protection from fire 😎 HP[+10]
Your hp is fully restored (33).
You pick up a book of Cantrips and begin reading...
You add the spells Animate Skeleton, Summon Small Mammal and Apportation to your library.
An ice beast comes into view.
g - a ring of protection from fire (left tentacle)
Found a stone staircase leading down.
Found a stone staircase leading up.
The helpless ice beast fails to defend itself.
You impale the ice beast!! The ice beast misses you.
You hit the ice beast. The ice beast barely misses you.
You closely miss the ice beast. The ice beast hits you.
The ice beast freezes you. 😮 HP[-11]
You take 11 damage, and now have 22/33 hp.
MASSIVE DAMAGE!! (PAUSE)
You hit the ice beast but do no damage. The ice beast barely misses you.
Okay, then.
Okay, then.
You hit the ice beast. The ice beast hits you. The ice beast freezes you!
* * * LOW HITPOINT WARNING * * *
😱 HP[-14]
You take 14 damage, and now have 8/33 hp.
MASSIVE DAMAGE!! (PAUSE) Unknown command.
You hit the ice beast but do no damage. Your squeeze misses the ice beast.
The ice beast hits you.
* * * LOW HITPOINT WARNING * * *
The ice beast freezes you!
You die...

Skill      XL: |  1 |
---------------+----+-----
Stealth        | 8 |  8.0
Fighting       | |  3.7
Short Blades   | |  2.0
Dodging        | |  2.9

Action                   |  1- 3 |  4- 6 || total
-------------------------+-------+-------++-------
Melee: Short sword       |     4 |     6 ||    10
       Constrict         |     1 |       ||     1
       Tentacles         |     1 |       ||     1
 Stab: Sleeping          |     1 |     1 ||     2
Dodge: Dodged            |     1 |     3 ||     4

Levels and vault maps discovered:
D:5:      layout_rooms, riverfiend_overflow_shadow_ancestor, uniq_pikel

Notes
Turn   | Place    | Note
-------+----------+-------------------------------------------
     0 | D:5      | spaghetti the Octopode Delver began the quest for the Orb.
     0 | D:5      | Reached XP level 1. HP: 16/16 MP: 1/1
     1 | D:5      | magus.rc [v1.9.6]
    16 | D:5      | Noticed a water moccasin
    25 | D:5      | Killed a water moccasin
    26 | D:5      | Reached skill level 8 in Stealth
    26 | D:5      | Reached XP level 2. HP: 15/22 MP: 2/2
    26 | D:5      | Reached XP level 3. HP: 19/27 MP: 3/3
    26 | D:5      | Reached XP level 4. HP: 23/33 MP: 4/4
   133 | D:5      | You pick up a book of Cantrips and begin reading...
   133 | D:5      | You add the spells Animate Skeleton, Summon Small Mammal
                  | and Apportation to your library.
   134 | D:5      | Noticed an ice beast
   148 | D:5      | HP: 8/33 [ice beast (12)]
   149 | D:5      | Slain by an ice beast

Vanquished Creatures
  A water moccasin (D:5)
1 creature vanquished.

Table legend:
 A = Non-vault XP
 B = Vault XP
 C = Vault XP percentage of total XP
 D = Non-vault monster count
 E = Vault monster count
 F = Vault count percentage of total count
                 A         B        C        D         E       F
            +---------+---------+-------+---------+---------+-------
      Total |     145 |       0 |   0.0 |       1 |       0 |   0.0
            +---------+---------+-------+---------+---------+-------
        D:5 |     145 |       0 |   0.0 |       1 |       0 |   0.0
            +---------+---------+-------+---------+---------+-------

Illustrated notes

Table legend:
 A = Kills in this place as a percentage of kills in entire the game.
 B = Kills by you in this place as a percentage of kills by you in the entire game.
 C = Kills by friends in this place as a percentage of kills by friends in the entire game.
 D = Other kills in this place as a percentage of other kills in the entire game.
 E = Experience gained in this place as a percentage of experience gained in the entire game.
 F = Experience gained in this place divided by the number of levels of this place that you have seen.
                   A       B       C       D       E      F
               +-------+-------+-------+-------+-------+----------------------
         Total | 100.0 | 100.0 |   N/A |   N/A | 100.0 | 145.0
       Dungeon | 100.0 | 100.0 |   N/A |   N/A | 100.0 | 145.0
               +-------+-------+-------+-------+-------+----------------------

Table legend: (Time is in decaauts)
 A = Elapsed time spent in this place.
 B = Non-inter-level travel time spent in this place.
 C = Inter-level travel time spent in this place.
 D = Time resting spent in this place.
 E = Time spent auto-exploring this place.
 F = Levels seen in this place.
 G = Mean time per level.
                   A        B        C        D        E       F      G
               +--------+--------+--------+--------+--------+-----+--------+
         Total |    148 |    148 |      0 |      0 |    119 |   1 |  148.0 |
       Dungeon |    148 |    148 |      0 |      0 |    119 |   1 |  148.0 |
               +--------+--------+--------+--------+--------+-----+--------+

Top non-repeatable levels by time:
     D:5: 148 daAuts
